 Dungeon Crawl Stone Soup version 0.30-b1-2-g02819fbbbe (webtiles) character file.

Game seed: 16613768538212856002

2450 Metae the Covered (level 9, -6/79 HPs)
             Began as a Minotaur Fighter on July 10, 2023.
             Was a High Priest of Uskayaw.
             Mangled by a red ugly thing (21 damage)
             ... on level 8 of the Dungeon.
             The game lasted 00:16:53 (6588 turns).

Metae the Covered (Minotaur Fighter)                Turns: 6588, Time: 00:16:54

Health: -6/79      AC: 12    Str: 25    XL:     9   Next: 25%
Magic:  9/9        EV: 10    Int: 11    God:    Uskayaw [*****.]
Gold:   348        SH:  5    Dex: 10    Spells: 8/8 levels left

rFire   . . .        l - +1 whip (elec)
rCold   . . .        c - +0 buckler
rNeg    . . .        t - +0 chain mail
rPois   +            (helmet restricted)
rElec   .            (no cloak)
rCorr   .            N - +0 pair of gloves
SInv    .            (no boots)
Will    .....        H - amulet of regeneration Stlth
                     n - +6 ring of intelligence
HPRegen 1.13/turn    F - ring of poison resistance
MPRegen 0.11/turn

%: no passive effects
@: no status effects
A: horns 2, retaliatory headbutt
a: Renounce Religion, Stomp, Line Pass, Grand Finale


You were on level 8 of the Dungeon.
You worshipped Uskayaw.
Uskayaw was noncommittal.
You visited 1 branch of the dungeon, and saw 8 of its levels.

You collected 348 gold pieces.

Inventory:

Hand Weapons
 a - a +0 war axe
 l - a +1 whip of electrocution (weapon)
 L - a +2 war axe of flaming
Missiles
 q - 12 poisoned darts (quivered)
 s - 8 javelins
Armour
 c - a +0 buckler (worn)
 t - a +0 chain mail (worn)
 N - a +0 pair of gloves (worn)
Jewellery
 k - an amulet of guardian spirit
 n - a +6 ring of intelligence (left hand)
 A - a +6 ring of dexterity
 F - a ring of poison resistance (right hand)
 H - an amulet of regeneration (around neck)
Wands
 p - a wand of charming (8)
 B - a wand of mindburst (1)
 J - a wand of flame (20)
Scrolls
 b - 3 scrolls of poison
 f - 3 scrolls of immolation
 g - a scroll of blinking
 h - 2 scrolls of noise
 i - 2 scrolls of enchant armour
 o - 5 scrolls of teleportation
 v - a scroll of torment
 x - 5 scrolls of fog
 y - a scroll of magic mapping
 D - a scroll of amnesia
 E - 2 scrolls of butterflies
Potions
 d - a potion of might
 e - 2 potions of lignification {unknown}
 j - 2 potions of heal wounds {unknown}
 m - a potion of ambrosia {unknown}
 r - 6 potions of curing
 u - 4 potions of mutation
 w - 4 potions of attraction
 z - 3 potions of haste
 C - a potion of flight {unknown}
 K - 2 potions of magic
 M - a potion of cancellation {unknown}


   Skills:
 + Level 7.5 Fighting
 - Level 2.8(4.8) Axes
 + Level 6.2(6.5) Maces & Flails
 + Level 7.5 Armour
 + Level 5.8 Dodging
 + Level 7.5 Shields
 + Level 2.0 Invocations


You had 8 spell levels left.
You didn't know any spells.
Your spell library contained the following spells:

 Spells                   Type           Power      Damage    Failure   Level
 Necrotise                Necr           0%         1d4       88%         1
 Gell's Gravitas          Tloc           0%         N/A       99%         3
 Ignite Poison            Fire/Tmut/Pois 0%         N/A       99%         3
 Inner Flame              Hex/Fire       0%         N/A       99%         3
 Teleport Other           Tloc           0%         N/A       99%         3
 Vampiric Draining        Necr           0%         2d6       99%         3
 Olgreb's Toxic Radiance  Pois           0%         N/A       100%        4
 Sticky Flame             Conj/Fire      0%         2d3       100%        4
 Agony                    Necr           0%         N/A       100%        5
 Yara's Violent Unravell  Hex/Tmut       0%         3d3       100%        5
 Dispersal                Tloc           0%         N/A       100%        6
 Enfeeble                 Hex            0%         N/A       100%        7
 Discord                  Hex            0%         N/A       100%        8
 Ignition                 Fire           0%         3d3       100%        8


Dungeon Overview and Level Annotations

Branches:
Dungeon (8/15)             Temple (0/1) D:7
   Lair: D:8-11

Altars:
Cheibriados
Dithmenos
Uskayaw
Vehumet
Xom


Innate Abilities, Weirdness & Mutations

You have a pair of horns on your head.
You reflexively headbutt those who attack you in melee.


Message History

You are engulfed in a cloud of scalding steam.
The acid dragon is no longer sharing its pain.
The wight is no longer sharing its pain.
The white imp is no longer sharing its pain.
An orc comes into view. It is wielding a +0 flail.
The steam dragon bites you. The steam dragon barely misses you.
The red ugly thing gores you but does no damage.
The howler monkey hoots and howls with incredible vigour!
You hear a shout! x2
You hit the red ugly thing.
Lightning courses through the red ugly thing!!
You headbutt the red ugly thing.
The red ugly thing is almost dead.
You are engulfed in a cloud of scalding steam.
The steam dragon barely misses you. x2
A deep elf pyromancer comes into view. It is wielding a +0 rapier.
The red ugly thing gores you.
You are engulfed in flames!
* * * LOW HITPOINT WARNING * * *
Found 8 gold pieces.
The steam dragon bites you but does no damage.
You block the steam dragon's attack.
The red ugly thing gores you but does no damage.
Uskayaw prepares the audience for your solo!
The helpless steam dragon fails to defend itself.
You hit the steam dragon.
The steam dragon is severely wounded.
The acid dragon is no longer paralysed.
The yak is no longer paralysed.
The deep elf pyromancer is no longer paralysed.
The kobold brigand is no longer paralysed.
The red ugly thing is no longer paralysed.
The steam dragon is no longer paralysed.
The boulder beetle is no longer paralysed.
A bullfrog comes into view.
The boulder beetle leaps!
The steam dragon bites you.
* * * LOW HITPOINT WARNING * * *
The steam dragon claws you but does no damage.
The red ugly thing gores you.
* * * LOW HITPOINT WARNING * * *
You are engulfed in flames!!
You die... ....# ....# )[ #F.# .. ....# $). #..####.. )#### #.. #.oe...# .######### ..##....o. .........# #YKS°oo# ..#......### D5hYoz

.......##..# #uD#
...........####.@####
.........##...#.....#
..........).#.......#
.........##...........#
........####.#[...!.#..#
..##....# #..#..##.##
... #####..## #....## .#
## ...## ..##.# .# ..###
#.. #.. .#


You could see a red ugly thing, a deep elf pyromancer, 2 yaks, a steam dragon, a
water moccasin (paralysed), an acid dragon, a kobold brigand, a bullfrog, a
howler monkey (paralysed), an orc wizard (paralysed), a white imp (paralysed)
and 4 orcs.

Vanquished Creatures
  Edmund (D:4)
  2 ice beasts
  2 sky beasts (D:8)
  4 black bears
  2 ogres
  A centaur (D:8)
  A kobold brigand (D:6)
  A bullfrog (D:6)
  A gnoll sergeant (D:6)
  3 scorpions (D:7)
  2 jellies
  4 hounds
  4 orc priests
  6 iguanas
  6 orc wizards
  12 adders
  6 gnolls
  A shadow imp (D:5)
  3 white imps
  An ufetubus (D:7)
  5 worms
  3 dart slugs
  24 orcs
  12 ball pythons
  7 endoplasms
  5 giant cockroaches
  8 goblins
  4 hobgoblins
  2 quokkas
  4 bats (D:1)
  4 frilled lizards
  10 kobolds
  10 rats
161 creatures vanquished.

Vanquished Creatures (others)
  A jelly (D:8)
1 creature vanquished.

Grand Total: 162 creatures vanquished

Notes
Turn   | Place    | Note
-------+----------+-------------------------------------------
     0 | D:1      | Metae the Minotaur Fighter began the quest for the Orb.
     0 | D:1      | Reached XP level 1. HP: 19/19 MP: 0/0
   138 | D:1      | Reached XP level 2. HP: 27/27 MP: 1/1
   461 | D:1      | Reached skill level 1 in Dodging
   754 | D:2      | Reached XP level 3. HP: 27/33 MP: 2/2
  1215 | D:2      | Reached skill level 1 in Maces & Flails
  1461 | D:3      | Reached XP level 4. HP: 31/40 MP: 3/3
  1838 | D:3      | Reached XP level 5. HP: 47/47 MP: 4/4
  2096 | D:3      | Found a shimmering altar of Xom.
  2405 | D:4      | Noticed Edmund
  2414 | D:4      | Killed Edmund
  2415 | D:4      | Reached XP level 6. HP: 45/55 MP: 5/5
  2788 | D:4      | Reached skill level 5 in Armour
  2790 | D:4      | Reached skill level 5 in Fighting
  2819 | D:4      | Reached skill level 5 in Shields
  2928 | D:4      | Reached XP level 7. HP: 56/61 MP: 6/6
  3528 | D:5      | Entered Level 5 of the Dungeon
  3528 | D:5      | Found a radiant altar of Vehumet.
  4103 | D:5      | Reached XP level 8. HP: 39/70 MP: 7/7
  4234 | D:5      | Found a shadowy altar of Dithmenos.
  4578 | D:5      | Found a snail-covered altar of Cheibriados.
  4774 | D:6      | Reached skill level 5 in Maces & Flails
  4848 | D:6      | Reached skill level 5 in Dodging
  5212 | D:6      | Found a hide-covered altar of Uskayaw.
  5242 | D:6      | Became a worshipper of Uskayaw the Reveller
  5403 | D:6      | Reached * piety under Uskayaw
  5610 | D:7      | Reached ** piety under Uskayaw
  5655 | D:7      | Found a staircase to the Ecumenical Temple.
  5857 | D:7      | Reached skill level 1 in Invocations
  5899 | D:7      | Reached XP level 9. HP: 19/79 MP: 8/8
  6498 | D:8      | Reached *** piety under Uskayaw
  6554 | D:8      | Noticed a boulder beetle
  6572 | D:8      | Noticed a red ugly thing
  6580 | D:8      | Reached **** piety under Uskayaw
  6584 | D:8      | Reached ***** piety under Uskayaw
  6586 | D:8      | Noticed a deep elf pyromancer
  6588 | D:8      | Mangled by a red ugly thing

Illustrated notes

Levels and vault maps discovered:
D:1:      dpeg_arrival_round_a, layout_loops_ring, serial_bayou_pond_a,
          kennysheep_decorative_pillar
D:2:      layout_basic
D:3:      layout_rooms, mainiacjoe_overflow_24_doors, minmay_snake_closets
D:4:      minmay_inner_zag, layout_basic, uniq_edmund
D:5:      layout_cave_pools, fiery_altar_vehumet, mainiacjoe_overflow_chevrons,
          slow_altar_2, minmay_misc_feat_roman
D:6:      layout_cave_pools, amcnicky_altar_gilded
D:7:      nicolae_BIG_FREAKIN_CUBE, layout_gridville,
          minmay_temple_entry_drinking_statues, kennysheep_generic_room_13
D:8:      minmay_bloctagon, layout_rooms, nicolae_ru_great_annihilating_truth

Skill      XL: |  1  2  3  4  5  6  7  8  9 |
---------------+----------------------------+-----
Dodging        | 1 2 3 4 5 |  5.8
Fighting       | 4 5 6 7 |  7.5
Armour         | 4 5 6 7 |  7.5
Shields        | 4 5 6 7 |  7.5
Maces & Flails | 1 2 3 4 5 6 |  6.2
Invocations    | 1 2 |  2.0
Axes           | |  2.8

Action                     |  1- 3 |  4- 6 |  7- 9 || total
---------------------------+-------+-------+-------++-------
  Melee: War axe           |    33 |     8 |       ||    41
         Headbutt          |     9 |    15 |    57 ||    81
         Whip              |    60 |   112 |   285 ||   457
  Throw: Dart              |       |       |     1 ||     1
    Use: Scroll            |       |       |    20 ||    20
   Stab: Paralysed         |       |       |     3 ||     3
 Armour: Scale mail        |    31 |       |       ||    31
         Chain mail        |    14 |    62 |   122 ||   198
  Dodge: Dodged            |    47 |    44 |   134 ||   225
  Block: Buckler           |    21 |    21 |    66 ||   108
